 Dungeon Crawl Stone Soup version 0.19.1 (webtiles) character file.

5597 Ladykiller69 the Destroyer (level 10, -2/50 HPs)
             Began as a Deep Elf Conjurer on Dec 9, 2016.
             Was a Believer of Vehumet.
             Slain by a troll (13 damage)
             ... on level 9 of the Dungeon.
             The game lasted 00:36:06 (9885 turns).

Ladykiller69 the Destroyer (Deep Elf Conjurer)      Turns: 9885, Time: 00:36:07

Health: -2/50      AC:  5    Str:  5    XL:     10   Next: 45%
Magic:  19/26      EV: 13    Int: 24    God:    Vehumet [**....]
Gold:   477        SH:  0    Dex: 15    Spells: 5 memorised, 12 levels left

rFire  . . .     SeeInvis .     k - +1 dagger (venom)
rCold  . . .     Gourm    .     a - +0 robe
rNeg   . . .     Faith    .     (no shield)
rPois  .         Spirit   .     y - +0 helmet
rElec  .         Reflect  .     (no cloak)
rCorr  .         Harm     .     E - +0 pair of gloves
MR     +....                    q - +0 pair of boots
Stlth  ++........               (no amulet)
                                (no ring)
                                (no ring)

@: no status effects
A: no striking features
a: Renounce Religion


You were on level 9 of the Dungeon.
You worshipped Vehumet.
Vehumet was pleased with you.
You were not hungry.

You visited 2 branches of the dungeon, and saw 10 of its levels.
You also visited: Sewer.

You collected 477 gold pieces.

Inventory:

Hand Weapons
 k - a +1 dagger of venom (weapon)
Armour
 a - a +0 robe (worn)
 q - a +0 pair of boots (worn)
 y - a +0 helmet (worn)
 E - a +0 pair of gloves (worn)
 L - a +0 buckler
 R - a +0 shield
Jewellery
 i - an uncursed amulet of faith {unknown}
 C - an uncursed ring of resist corrosion {unknown}
Wands
 g - a wand of teleportation (4/9)
 z - a wand of lightning (5/15)
 K - a wand of disintegration (12/24)
 S - a wand of random effects (21/48)
Scrolls
 f - 2 scrolls of magic mapping
 j - 2 scrolls of noise {unknown}
 m - 2 scrolls of immolation {unknown}
 p - 4 scrolls of teleportation {unknown}
 s - 9 scrolls of identify
 t - 5 scrolls of remove curse {unknown}
 B - 4 scrolls of amnesia {unknown}
 F - a scroll of acquirement {unknown}
 I - 3 scrolls of recharging {unknown}
 M - a scroll of fear {unknown}
 Q - a scroll of brand weapon {unknown}
Potions
 e - a potion of invisibility
 h - 2 potions of brilliance {unknown}
 l - 4 potions of heal wounds {Most likely healing, unknown}
 n - 8 potions of curing
 o - a potion of lignification {unknown}
 v - a potion of mutation {unknown}
 x - a potion of haste {unknown}
 A - 2 potions of flight
 D - 2 potions of degeneration {unknown}
 G - 3 potions of cancellation {unknown}
 N - a potion of resistance {unknown}
 P - a potion of might {unknown}
Books
 b - a book of Conjurations

   Spells                             Type                      Level
   a - Magic Dart                     Conjuration                  1
   b - Searing Ray                    Conjuration                  2
   c - Dazzling Spray                 Conjuration/Hexes            3
   d - Fulminant Prism                Conjuration/Hexes            4
   e - Iskenderun's Mystic Blast      Conjuration                  4
   f - Iskenderun's Battlesphere      Conjuration/Charms           5
 w - a book of Geomancy

   Spells                             Type                      Level
   a - Sandblast                      Earth                        1
   b - Passwall                       Transmutation/Earth          2
   c - Stone Arrow                    Conjuration/Earth            3
   d - Petrify                        Transmutation/Earth          4
   e - Lee's Rapid Deconstruction     Earth                        5
Comestibles
 c - 6 bread rations
 d - 4 beef jerkies
 r - 2 slices of pizza
 u - 5 meat rations
 H - 11 royal jellies
 J - 4 fruits
 O - 10 chunks of flesh


   Skills:
 - Level 3.1 Dodging
 - Level 3.0 Stealth
 + Level 2.2 Shields
 + Level 10.0 Spellcasting
 * Level 11.3 Conjurations
 - Level 9.0 Hexes
 + Level 8.4 Charms


You had 12 spell levels left.
You knew the following spells:

 Your Spells              Type           Power        Failure   Level  Hunger
a - Magic Dart            Conj           ####         1%          1    None
b - Dazzling Spray        Conj/Hex       ######       1%          3    None
c - Iskenderun's Mystic   Conj           ######..     1%          4    #......
d - Fulminant Prism       Conj/Hex       ######....   1%          4    #......
e - Iskenderun's Battles  Conj/Chrm      ######..     2%          5    ####...


Dungeon Overview and Level Annotations

Branches:
Dungeon (9/15)             Temple (1/1) D:7
   Lair: D:8-11         Orc: D:9-12

Altars:
Ashenzari
Cheibriados
Dithmenos
Fedhas
Gozag
Kikubaaqudgha
Nemelex Xobeh
Okawaru
Qazlal
Ru
Sif Muna
Uskayaw
Vehumet
Zin

Annotations:
D:3 Sigmund


Message History

A troll is nearby!
Casting: Magic Dart
Confirm with . or Enter, or press ? or * to list all spells.
Aiming: Fulminant Prism
Press: ? - help, Dir - move target cursor You conjure a prism of explosive energy!
Your fulminant prism crackles loudly.
Your fulminant prism explodes!
The blast of energy engulfs the troll.
The troll is severely wounded.
The blast of energy engulfs you!
Casting: Fulminant Prism
Confirm with . or Enter, or press ? or * to list all spells.
Aiming: Dazzling Spray
Press: ? - help, Shift-Dir - straight line, f - troll
Aim: a troll (severely wounded)
The spray of energy misses the troll.
The troll bites you!
* * * LOW HITPOINT WARNING * * *
The troll claws you!
You die...

#.# ################ #.#
##### #..............#### #.#
#...#####.########........#
#.###.#.......# #.###.##.#
#.#...#...##### #.# #.# #
#...#####^.# ########.###.#
.# ###...#....#
#.....#......##.#
###รท#.##.####.....#..#####.#
#...##.##...@T.......##.#
######.###.##.###.###..#...#
.......# #.# #.# #..####.#
######## #.# #'# #..# #.#
####### #.# '_' .... ..#
......# #.# #####.... ##
#####.# #.# ### #.#### #.#
#.# ### #.# #.# #.#


You could see a troll.

Vanquished Creatures
  A two-headed ogre (D:9)
  4 hippogriffs
  2 hungry ghosts
  The ghost of Philosophy the Shield-Bearer, an amateur FoFi (Sewer)
  An ice beast (D:6)
  6 orc warriors
  2 black bears
  3 ogres
  A phantom (D:4)
  3 centaurs
  Blork the orc (D:6)
  2 big kobolds
  4 bullfrogs
  A gnoll sergeant (D:9)
  A scorpion (D:6)
  8 killer bees
  3 howler monkeys
  2 crimson imps (D:8)
  A centaur zombie (D:9)
  2 bullfrog zombies
  6 hounds
  7 jellies
  9 orc priests
  A gnoll shaman (D:8)
  7 orc wizards
  5 iguanas
  7 worker ants
  A killer bee zombie (D:7)
  A hound zombie (D:6)
  A worker ant zombie (D:5)
  8 gnolls
  13 adders
  A howler monkey skeleton (D:6)
  3 river rats
  4 shadow imps
  5 oozes (D:8)
  3 adder skeletons
  4 worms
  6 leopard geckos
  33 orcs
  5 ball pythons
  4 giant cockroaches
  7 goblins
  12 hobgoblins
  13 jackals
  5 quokkas
  7 bats
  4 frilled lizards
  A jackal zombie (D:6)
  16 kobolds
  14 rats
262 creatures vanquished.

Vanquished Creatures (others)
  17 fulminant prisms
17 creatures vanquished.

Grand Total: 279 creatures vanquished

Notes
Turn   | Place    | Note
-------+----------+-------------------------------------------
     0 | D:1      | Ladykiller69 the Deep Elf Conjurer began the quest for the Orb.
     0 | D:1      | Reached XP level 1. HP: 10/10 MP: 6/6
   112 | D:1      | Reached XP level 2. HP: 15/15 MP: 4/8
   632 | D:2      | Reached XP level 3. HP: 14/19 MP: 4/9
   927 | D:2      | Reached skill level 5 in Conjurations
  1471 | D:3      | Noticed Sigmund
  1477 | D:3      | Found a sparkling altar of Nemelex Xobeh.
  1634 | D:3      | Reached XP level 4. HP: 24/24 MP: 6/12
  1644 | D:3      | Learned a level 3 spell: Dazzling Spray
  1831 | D:3      | Found a faded altar of an unknown god.
  2100 | D:3      | Reached XP level 5. HP: 27/28 MP: 8/14
  2117 | D:3      | Learned a level 4 spell: Iskenderun's Mystic Blast
  2122 | D:3      | Learned a level 4 spell: Fulminant Prism
  2575 | D:3      | Found a shadowy altar of Dithmenos.
  2587 | D:3      | Reached skill level 5 in Spellcasting
  2678 | D:4      | Reached skill level 1 in Hexes
  2877 | D:4      | Noticed a phantom
  2896 | D:4      | Killed a phantom
  2896 | D:4      | Reached skill level 6 in Conjurations
  2896 | D:4      | Reached XP level 6. HP: 32/32 MP: 4/16
  3043 | D:4      | Found a sacrificial altar of Ru.
  3699 | D:5      | Entered Level 5 of the Dungeon
  3868 | D:5      | Found a glowing drain.
  3877 | Sewer    | Entered a sewer
  4088 | Sewer    | Noticed Philosophy's ghost (amateur FoFi)
  4126 | Sewer    | Killed Philosophy's ghost
  4126 | Sewer    | Reached XP level 7. HP: 36/36 MP: 3/18
  4237 | Sewer    | Reached skill level 5 in Hexes
  4341 | Sewer    | Learned a level 5 spell: Iskenderun's Battlesphere
  4351 | Sewer    | Found a white marble altar of Elyvilon.
  4539 | D:5      | Reached skill level 1 in Charms
  4984 | D:5      | Reached skill level 7 in Conjurations
  5371 | D:6      | Reached XP level 8. HP: 37/41 MP: 14/20
  5715 | D:6      | Reached skill level 8 in Conjurations
  6374 | D:6      | Reached skill level 5 in Charms
  6576 | D:6      | Noticed Blork the orc
  6580 | D:6      | Killed Blork the orc
  6673 | D:6      | Reached XP level 9. HP: 35/45 MP: 11/23
  6772 | D:6      | Reached skill level 9 in Conjurations
  6915 | D:6      | Found a glowing silver altar of Zin.
  6972 | D:7      | Found a staircase to the Ecumenical Temple.
  6987 | Temple   | Entered the Ecumenical Temple
  7002 | Temple   | Became a worshipper of Vehumet
  7640 | D:7      | Found a deep blue altar of Sif Muna.
  7732 | D:7      | Reached skill level 10 in Conjurations
  8276 | D:8      | Reached * piety under Vehumet
  8276 | D:8      | Offered knowledge of Sting by Vehumet.
  8367 | D:8      | Found a shattered altar of Ashenzari.
  8527 | D:8      | Found an ancient bone altar of Kikubaaqudgha.
  8792 | D:8      | Found a blossoming altar of Fedhas.
  8792 | D:8      | Found a faded altar of an unknown god.
  8797 | D:8      | Found a faded altar of an unknown god.
  8799 | D:8      | Found a faded altar of an unknown god.
  8801 | D:8      | Found a faded altar of an unknown god.
  8845 | D:8      | Reached skill level 1 in Shields
  8845 | D:8      | Reached XP level 10. HP: 50/50 MP: 13/25
  8849 | D:8      | Reached ** piety under Vehumet
  8849 | D:8      | Offered knowledge of Throw Flame by Vehumet.
  9376 | D:9      | Reached skill level 11 in Conjurations
  9449 | D:9      | Offered knowledge of Ignite Poison by Vehumet.
  9713 | D:9      | Reached skill level 10 in Spellcasting
  9881 | D:9      | Found a hide-covered altar of Uskayaw.
  9885 | D:9      | Slain by a troll

Skill      XL: |  1  2  3  4  5  6  7  8  9 10 |
---------------+-------------------------------+-----
Stealth        | 3 |  3.0
Conjurations   | 5 6 7 8 10 11 | 11.3
Dodging        | 3 |  3.1
Spellcasting   | 4 5 6 8 9 10 | 10.0
Hexes          | 3 4 6 7 9 |  9.0
Charms         | 3 5 7 8 |  8.4
Shields        | 1 2 |  2.2

Action                   |  1- 3 |  4- 6 |  7- 9 | 10-12 || total
-------------------------+-------+-------+-------+-------++-------
Melee: Dagger            |       |     8 |    41 |     3 ||    52
       Unarmed           |       |     3 |       |       ||     3
 Cast: Magic Dart        |    90 |   171 |   309 |    95 ||   665
       Dazzling Spray    |       |     1 |    28 |    10 ||    39
       Fulminant Prism   |       |     3 |    10 |     4 ||    17
       Iskenderun's Batt |       |       |    11 |     7 ||    18
  Use: Scroll            |       |     1 |     3 |       ||     4
 Stab: Sleeping          |       |     1 |     1 |       ||     2
       Invisible         |       |       |     3 |       ||     3
  Eat: Chunk             |     2 |     7 |    14 |     5 ||    28
       Bread ration      |       |       |     1 |       ||     1
Armor: Robe              |     2 |     5 |    19 |    10 ||    36
Dodge: Dodged            |    19 |    29 |    67 |    14 ||   129
